Cogmind - Beta 10.2 @@@ ROGUE MODE // 2020.11.10 @ 21:51:28 // Halloween2020/ForbiddenLore Player: WayneKnight Result: Self-destructed Performance ------------- Evolutions (3) 1500 Regions Visited (10) 2000 Robots Destroyed (68) 340 Value Destroyed (1804) 1804 Prototype IDs (28) 560 Alien Tech Used (0) 0 Bonus (1777) 1777 TOTAL SCORE: 7981 Bonus ------- High Alert Combat Kills 56 Follower Combat Kills 123 Entered Garrisons 400 Used RIF Installer 1000 Aligned with FarCom 300 Friendly Fire -102 Cogmind --------- Core Integrity 700/700 Matter 260/300 Energy 140/140 System Corruption 0% Temperature Cool (0) Movement Treading (160) Location -7/Waste Parts ------- > --- POWER (1) -------- Light Deuterium Engine > --- PROPULSION (4) --- Light Treads Improved Treads Improved Treads Improved Treads > --- UTILITY (5) ------ Large Storage Unit Large Storage Unit Large Storage Unit Large Storage Unit > --- WEAPON (3) ------- High-powered Shotgun Rocket Launcher > --- INVENTORY (28) --- Light Nuclear Core Light Treads Light Treads Light Treads Aluminum Leg Combat Airjet Large Storage Unit Advanced Signal Interpreter Maneuvering Thrusters Insulated Plating Hacking Suite Hacking Suite Sensor Drone Bay Heavy EM Shotgun Heavy EM Shotgun Particle Gun High-powered Shotgun Gauss Rifle Gauss Rifle AWS/Autocannon Mini Grenade Launcher Field Lobotomy Kit Flail Peak State ------------ > --- POWER ------------ Ion Engine > --- PROPULSION ------- Improved Treads Improved Treads Armored Treads > --- UTILITY ---------- Large Storage Unit Large Storage Unit Large Storage Unit Reactive Plating > --- WEAPON ----------- Heavy EM Shotgun Guided Plasma Cannon Grenade Launcher > --- INVENTORY -------- Light Nuclear Core Light Treads Light Treads Light Treads Light Treads Improved Treads Improved Treads Improved Treads Aluminum Leg Carbon-fiber Leg Combat Airjet Maneuvering Thrusters Hacking Suite Hacking Suite Sensor Drone Bay AWS/Autocannon Rocket Launcher Mini Grenade Launcher Field Lobotomy Kit Flail [Rating: 35] Favorites ----------- Power Ion Engine Engine Ion Engine Propulsion Improved Treads Treads Improved Treads Leg Aluminum Leg Utility Large Storage Unit Storage Large Storage Unit Protection Reactive Plating Weapon Assault Rifle Energy Gun Heavy EM Shotgun Energy Cannon Guided Plasma Cannon Ballistic Gun Assault Rifle Launcher Grenade Launcher Impact Weapon Flail Build | -11 -10 -10 -10 -9 -8 -8 -8 -8 -7 -7 ------- Run | Scr Mat Min Exi Min Mat Gar Mat Gar Fac Was Slots Evolved 6 | . . . . . 4 . . . 2 . Power . | . . . . . . . . . . . Propulsion 2 | . . . . . 1 . . . 1 . Utility 3 | . . . . . 2 . . . 1 . Weapon 1 | . . . . . 1 . . . . . Parts Attached 59 | 1 12 2 1 2 10 3 17 6 4 1 Power 4 | . . 1 . 1 . . 1 1 . . Engine 4 | . . 1 . 1 . . 1 1 . . Core . | . . . . . . . . . . . Reactor . | . . . . . . . . . . . Propulsion 13 | . 4 . . . 3 . 3 2 1 . Treads 13 | . 4 . . . 3 . 3 2 1 . Leg . | . . . . . . . . . . . Wheel . | . . . . . . . . . . . Hover . | . . . . . . . . . . . Flight . | . . . . . . . . . . . Utility 11 | 1 3 . . . 4 . 2 . 1 . Device . | . . . . . . . . . . . Storage 6 | 1 3 . . . 1 . 1 . . . Processor . | . . . . . . . . . . . Hackware . | . . . . . . . . . . . Protection 5 | . . . . . 3 . 1 . 1 . Artifact . | . . . . . . . . . . . Weapon 31 | . 5 1 1 1 3 3 11 3 2 1 Energy Gun 4 | . . . . 1 1 . 2 . . . Energy Cannon 4 | . . . 1 . 1 . 1 . 1 . Ballistic Gun 13 | . 3 1 . . . . 6 2 1 . Ballistic Cannon . | . . . . . . . . . . . Launcher 7 | . 2 . . . 1 2 . 1 . 1 Special Weapon . | . . . . . . . . . . . Impact Weapon 3 | . . . . . . 1 2 . . . Slashing Weapon . | . . . . . . . . . . . Piercing Weapon . | . . . . . . . . . . . Special Melee Weapon . | . . . . . . . . . . . Unidentified Prototypes 1 | . . . . . . . 1 . . . Parts Lost 9 | . . . . 1 2 1 . 4 . 1 Power 2 | . . . . 1 . . . 1 . . Propulsion 2 | . . . . . . . . 2 . . Utility 1 | . . . . . 1 . . . . . Weapon 4 | . . . . . 1 1 . 1 . 1 Highest Loss Streak 3 | . . . . 1 1 1 . 3 . 1 Average Slot Usage (%) 98 | . 99 100 100 100 89 96 99 100 100 100 Engine 11 | . 14 14 14 14 9 9 9 9 7 7 Treads 27 | . 27 28 28 28 27 27 26 27 30 30 Storage 28 | . 28 28 28 28 27 27 29 36 30 30 Protection 3 | . . . . . 8 9 6 . 7 7 Energy Gun 9 | . 15 . . 13 9 5 13 4 . . Ballistic Gun 13 | . 12 22 24 14 9 9 11 22 18 8 Launcher 1 | . . 6 . . . 8 . . . 6 Naked Turns . | . . . . . . . . . . . Heaviest Build 83 | 17 42 42 49 49 77 72 83 81 83 83 Greatest Support 89 | 20 46 46 46 46 69 66 66 69 89 89 Greatest Overweight (x) 26 | . 1 . 1 1 1 1 26 1 . . Average Overweight (x) . | . . . . . . 1 1 1 . . Largest Inventory Capacity 28 | 8 16 16 16 16 22 22 28 28 28 28 Average Capacity 19 | 6 14 16 16 16 21 22 23 28 28 28 Most Carried 28 | 6 16 16 16 16 21 22 28 28 26 25 Average Carried 18 | 6 14 15 15 15 18 20 23 26 25 25 Final Capacity 28 | 8 16 16 16 16 22 22 28 28 28 28 Final Carried 28 | 6 16 16 16 16 21 22 28 27 25 25 Class Distribution -------------------- 50% | Mutant 24% | Hauler-Skirmisher 24% | Hauler-Mutant Dominant Class ---------------- Mutant | -10/Materials Mutant | -10/Mines Mutant | -10/Exiles Mutant | -9/Mines Hauler-Mutant | -8/Materials Hauler-Mutant | -8/Garrison Hauler-Skirmisher | -8/Materials Hauler-Skirmisher | -8/Garrison Hauler-Tank | -7/Factory Hauler-Mutant | -7/Waste Resources | -11 -10 -10 -10 -9 -8 -8 -8 -8 -7 -7 ----------- Run | Scr Mat Min Exi Min Mat Gar Mat Gar Fac Was Matter Collected 1493 | 178 204 110 . 26 177 11 396 132 . 259 Remotely . | . . . . . . . . . . . Salvage Created 2336 | 99 334 64 . 78 347 66 909 180 . 259 Parts 125 | 2 30 3 . . 16 4 51 19 . . Haulers Intercepted 1 | . . . . . . . 1 . . . Recyclers Shooed 3 | . . . . . . . 3 . . . Parts Field Recycled . | . . . . . . . . . . . Retrieved Matter . | . . . . . . . . . . . Parts Self-Destructed . | . . . . . . . . . . . Prevented . | . . . . . . . . . . . Kills | -11 -10 -10 -10 -9 -8 -8 -8 -8 -7 -7 ------- Run | Scr Mat Min Exi Min Mat Gar Mat Gar Fac Was Combat Hostiles Destroyed 54 | . 8 4 . 3 7 3 13 15 . 1 Guns 30 | . 5 4 . 1 3 . 11 6 . . Cannons 7 | . . . . 2 3 . 2 . . . AOE 17 | . 3 . . . 1 3 . 9 . 1 Classes Destroyed 12 | 1 5 . . 1 2 . 2 . . 1 Worker 3 | . 3 . . . . . . . . . Tunneler 1 | . . . . . . . 1 . . . Hauler 1 | . . . . . . . 1 . . . Recycler 3 | 1 1 . . . . . 1 . . . Operator 3 | . 2 . . . . . 1 . . . Watcher 5 | . 1 . . . . . 4 . . . Swarmer 23 | . 6 3 . . . . 3 11 . . Grunt 16 | . 2 1 . 1 2 2 6 2 . . Sentry 8 | . . . . . 3 . 4 1 . . Hunter 4 | . . . . . 2 1 . 1 . . Compactor 1 | . . . . . . . . . . 1 Assembled 2 | . . . . 2 . . . . . . Best Kill Streak 12 | 1 4 3 . 2 3 3 3 12 . 1 Combat Bots Only 12 | . 3 3 . 2 3 3 3 12 . 1 Max Kills in Single Turn 4 | 1 2 1 . 1 1 2 2 4 . 1 Gunslinging . | . . . . . . . . . . . Exploded 4 | . 2 . . . 1 2 . 4 . 1 Melee . | . . . . . . . . . . . Uniques/NPCs Destroyed . | . . . . . . . . . . . Combat | -11 -10 -10 -10 -9 -8 -8 -8 -8 -7 -7 -------- Run | Scr Mat Min Exi Min Mat Gar Mat Gar Fac Was Damage Taken 2702 | . 103 163 . 239 484 160 417 921 . 215 Core 256 | . 14 . . 14 95 8 19 106 . . Absorbed by Shields . | . . . . . . . . . . . Core Remaining (%) 82 | 100 . . . 88 . . . 58 . . Volleys Fired 153 | 3 17 12 . 18 29 7 35 21 . 11 Largest 3 | 2 2 2 . 2 2 3 3 3 . 1 Hottest 128 | 90 90 50 . 120 120 106 128 100 . 33 Shots Fired 295 | 6 32 24 . 19 48 17 83 55 . 11 Gun 249 | 6 30 22 . 12 38 13 77 51 . . Cannon 20 | . . . . 7 7 . 6 . . . Launcher 26 | . 2 2 . . 3 4 . 4 . 11 Special . | . . . . . . . . . . . Kinetic 149 | . 14 22 . 1 19 7 41 45 . . Thermal 63 | 3 15 . . 7 26 6 6 . . . Explosive 26 | . 2 2 . . 3 4 . 4 . 11 Electromagnetic 57 | 3 1 . . 11 . . 36 6 . . Robot Hit Streak 17 | 4 14 12 . 10 17 9 16 7 . 9 Robot Miss Streak 5 | 1 2 3 . 1 5 2 5 4 . 1 Penetration Max 1 | . . . . . . . 1 1 . . Secondary Targets 6 | . 1 2 . . . . . 3 . . Max Gunslinging Chain 1 | . 1 1 . . . . . 1 . . Shots Hit Robots 221 | 4 26 16 . 16 37 13 58 41 . 10 Core Hits 120 | 2 22 7 . 5 17 7 36 21 . 3 Critical Hits 2 | . . . . . . . 1 1 . . Critical Kills 1 | . . . . . . . 1 . . . Critical Parts Destroyed 1 | . . . . . . . . 1 . . Melee Attacks 5 | . . . . . . 1 4 . . . Impact 5 | . . . . . . 1 4 . . . Slashing . | . . . . . . . . . . . Piercing . | . . . . . . . . . . . Sneak Attacks . | . . . . . . . . . . . Combat Hostiles . | . . . . . . . . . . . Follow-up Attacks . | . . . . . . . . . . . Damage Inflicted 6164 | 49 608 329 . 342 830 368 1511 1059 . 1068 Guns 2858 | 49 345 188 . 121 388 113 1128 526 . . Cannons 659 | . . . . 216 243 . 200 . . . Explosions 2577 | . 218 131 . . 199 255 173 533 . 1068 Melee . | . . . . . . . . . . . Ramming 70 | . 45 10 . 5 . . 10 . . . Kinetic 1455 | . 140 188 . . 182 41 436 468 . . Thermal 1318 | 25 183 . . 216 449 72 373 . . . Explosive 2404 | . 218 131 . . 199 255 . 533 . 1068 Electromagnetic 917 | 24 22 . . 121 . . 692 58 . . Impact . | . . . . . . . . . . . Slashing . | . . . . . . . . . . . Piercing . | . . . . . . . . . . . Highest Corruption . | . . . . . . . . . . . Average Corruption . | . . . . . . . . . . . Corruption Purged . | . . . . . . . . . . . Overload Shots . | . . . . . . . . . . . Overflow Damage 117 | . . 8 . 7 16 . 17 20 . 49 Projectiles 15 | . . . . 7 . . 8 . . . Explosions 102 | . . 8 . . 16 . 9 20 . 49 Melee . | . . . . . . . . . . . Knockbacks . | . . . . . . . . . . . Impact . | . . . . . . . . . . . Kinetic . | . . . . . . . . . . . Secondary . | . . . . . . . . . . . Self-Inflicted Damage 334 | . . . . . . 32 87 54 . 161 Shots 10 | . . . . . . 1 2 2 . 5 Rammed 10 | . 3 2 . 2 1 . 2 . . . Targets Rammed 10 | . 3 2 . 2 1 . 2 . . . Kicked . | . . . . . . . . . . . Crushed . | . . . . . . . . . . . Highest Temperature 320 | 90 36 2 . 320 305 136 252 96 . . Average Temperature 81 | 48 13 2 . 171 111 54 68 31 . . Received Heat Transfer 681 | . 15 48 . 123 180 36 117 162 . . Effects 5 | . . . . 2 3 . . . . . Energy Bleed 2 | . . . . . 2 . . . . . Interference 3 | . . . . 2 1 . . . . . Siege Activations . | . . . . . . . . . . . Robots Corrupted . | . . . . . . . . . . . Combat Hostiles . | . . . . . . . . . . . Parts Fried 5 | . . . . 3 . . 2 . . . Impact Corruptions . | . . . . . . . . . . . Robots Melted . | . . . . . . . . . . . Combat Hostiles . | . . . . . . . . . . . Parts Melted 7 | . . . . . 6 . 1 . . . Heat Transferred 3015 | 74 518 . . 480 1078 185 680 . . . Parts Sabotaged . | . . . . . . . . . . . Parts Stolen . | . . . . . . . . . . . Parts Stripped . | . . . . . . . . . . . Power Chain Reactions 2 | . . . . . . . 2 . . . Missiles Intercepted . | . . . . . . . . . . . Alert | -11 -10 -10 -10 -9 -8 -8 -8 -8 -7 -7 ------- Run | Scr Mat Min Exi Min Mat Gar Mat Gar Fac Was Peak Influence 583 | 5 250 130 . 82 267 176 425 583 305 157 Initial 305 | . 3 . . . . 1 85 249 305 106 Average 87 | 3 30 48 . 22 50 117 125 461 305 136 Maximum Alert Level 2 | . 1 . . . 1 . 2 2 1 . Low Security (%) 86 | 100 97 100 . 100 89 100 77 . . 100 Level 1 9 | . 2 . . . 10 . 19 30 100 . Level 2 4 | . . . . . . . 2 69 . . Level 3 . | . . . . . . . . . . . Level 4 . | . . . . . . . . . . . Level 5 . | . . . . . . . . . . . High Security . | . . . . . . . . . . . Max Security . | . . . . . . . . . . . Squads Dispatched 7 | . . . . . 5 . 2 . . . Investigation 1 | . . . . . . . 1 . . . Extermination . | . . . . . . . . . . . Reinforcement 2 | . . . . . 1 . 1 . . . Assault . | . . . . . . . . . . . Garrison 4 | . . . . . 4 . . . . . Intercept . | . . . . . . . . . . . Construction Impeded 1 | . . . . . 1 . . . . . Haulers Reinforced . | . . . . . . . . . . . Stealth | -11 -10 -10 -10 -9 -8 -8 -8 -8 -7 -7 --------- Run | Scr Mat Min Exi Min Mat Gar Mat Gar Fac Was Distress Signals 6 | . 3 . . . 1 . 2 . . . Communications Jammed . | . . . . . . . . . . . Distress Signals . | . . . . . . . . . . . Times Spotted 107 | . 18 5 . 7 14 3 41 15 . 4 Peak Tracking Total 13 | . 5 3 . 3 5 3 3 13 . 4 Tactical Retreats 24 | . . . . 2 3 . 18 1 . . Traps | -11 -10 -10 -10 -9 -8 -8 -8 -8 -7 -7 ------- Run | Scr Mat Min Exi Min Mat Gar Mat Gar Fac Was Traps Triggered 6 | . . . . . . 2 3 . 1 . Indirectly . | . . . . . . . . . . . Trap Hack Attempts . | . . . . . . . . . . . Triggered . | . . . . . . . . . . . Disarmed . | . . . . . . . . . . . Reprogrammed . | . . . . . . . . . . . Reused . | . . . . . . . . . . . Traps Extracted . | . . . . . . . . . . . Installed . | . . . . . . . . . . . Triggered 3 | . . . . . . . 3 . . . Machines | -11 -10 -10 -10 -9 -8 -8 -8 -8 -7 -7 ---------- Run | Scr Mat Min Exi Min Mat Gar Mat Gar Fac Was Machines Disabled 6 | . . 4 . . . . 2 . . . Max in Single Turn 2 | . . 2 . . . . 1 . . . Machines Sabotaged . | . . . . . . . . . . . Garrisons Compromised . | . . . . . . . . . . . Overloaded Fab Kills . | . . . . . . . . . . . Fab Network Shutdowns . | . . . . . . . . . . . Hacking | -11 -10 -10 -10 -9 -8 -8 -8 -8 -7 -7 --------- Run | Scr Mat Min Exi Min Mat Gar Mat Gar Fac Was Machines Accessed 22 | . 8 1 2 . 4 . 7 . . . Terminals 13 | . 7 . . . 2 . 4 . . . Fabricators . | . . . . . . . . . . . Repair Stations 1 | . 1 . . . . . . . . . Recycling Units 1 | . . . . . 1 . . . . . Scanalyzers 2 | . . . . . . . 2 . . . Garrison Access 2 | . . . . . 1 . 1 . . . Total Hacks 69 | . 37 1 2 . 10 . 19 . . . Successful 49 | . 26 1 2 . 9 . 11 . . . Failed 20 | . 11 . . . 1 . 8 . . . Catastrophic 2 | . 1 . . . 1 . . . . . Database Lockouts . | . . . . . . . . . . . Manual 31 | . 18 . 1 . 7 . 5 . . . Terminals 48 | . 34 . . . 6 . 8 . . . Fabricators . | . . . . . . . . . . . Repair Stations 3 | . 3 . . . . . . . . . Recycling Units 3 | . . . . . 3 . . . . . Scanalyzers 10 | . . . . . . . 10 . . . Garrison Access 2 | . . . . . 1 . 1 . . . Terminal Hacks 21 | . 14 1 2 . 2 . 2 . . . Record 1 | . . . 1 . . . . . . . Robot Analysis 6 | . 5 . . . . . 1 . . . Prototype ID Bank 3 | . 3 . . . . . . . . . Open Door 1 | . . 1 . . . . . . . . Emergency Access Points 1 | . 1 . . . . . . . . . Alert Level 2 | . 1 . . . 1 . . . . . Unreport Threat 1 | . . . . . . . 1 . . . Locate Traps 1 | . 1 . . . . . . . . . Hauler Manifests 1 | . 1 . . . . . . . . . Zone Layout 3 | . 2 . . . 1 . . . . . EX-Prototype ID Bank 1 | . . . 1 . . . . . . . Fabricator Hacks . | . . . . . . . . . . . Repair Station Hacks 2 | . 2 . . . . . . . . . Scan Component 1 | . 1 . . . . . . . . . Repair 1 | . 1 . . . . . . . . . Recycling Unit Hacks 1 | . . . . . 1 . . . . . Report Inventory 1 | . . . . . 1 . . . . . Scanalyzer 7 | . . . . . . . 7 . . . Insert Component 4 | . . . . . . . 4 . . . Analyze 3 | . . . . . . . 3 . . . Garrison Access Hacks 2 | . . . . . 1 . 1 . . . Unlock Access 2 | . . . . . 1 . 1 . . . Unauthorized Hacks 16 | . 10 . . . 5 . 1 . . . Terminals 14 | . 10 . . . 3 . 1 . . . Track 4 | . 4 . . . . . . . . . Assimilate 2 | . 2 . . . . . . . . . Botnet 6 | . 3 . . . 2 . 1 . . . Operators 2 | . 1 . . . 1 . . . . . Fabricators . | . . . . . . . . . . . Repair Stations . | . . . . . . . . . . . Recycling Units 2 | . . . . . 2 . . . . . Monitor 1 | . . . . . 1 . . . . . Recyclers 1 | . . . . . 1 . . . . . Scanalyzers . | . . . . . . . . . . . Garrison Access . | . . . . . . . . . . . Data Cores Recovered . | . . . . . . . . . . . Used . | . . . . . . . . . . . Hacking Detections 18 | . 8 . . . 3 . 7 . . . Full Trace Events . | . . . . . . . . . . . Feedback Events . | . . . . . . . . . . . Feedback Blocked . | . . . . . . . . . . . Robot Schematics Acquired . | . . . . . . . . . . . Robots Built . | . . . . . . . . . . . Matter . | . . . . . . . . . . . Time . | . . . . . . . . . . . Total Robot Build Rating . | . . . . . . . . . . . Part Schematics Acquired 2 | . . . . . . . 2 . . . Parts Built . | . . . . . . . . . . . Matter . | . . . . . . . . . . . Time . | . . . . . . . . . . . Total Part Build Rating . | . . . . . . . . . . . Parts Repaired 1 | . 1 . . . . . . . . . Time 26 | . 26 . . . . . . . . . Parts Recycled . | . . . . . . . . . . . Recycled Matter . | . . . . . . . . . . . Retrieved Matter . | . . . . . . . . . . . Retrieved Components . | . . . . . . . . . . . Parts Scanalyzed 2 | . . . . . . . 2 . . . Part Schematics Acquired 2 | . . . . . . . 2 . . . Parts Damaged . | . . . . . . . . . . . Bothacking | -11 -10 -10 -10 -9 -8 -8 -8 -8 -7 -7 ------------ Run | Scr Mat Min Exi Min Mat Gar Mat Gar Fac Was Used RIF Installer 2 | . . . . . . 1 . 1 . . Hotswap 1 | . . . . . . . . 1 . . Robots Hacked . | . . . . . . . . . . . Non-combat . | . . . . . . . . . . . Combat . | . . . . . . . . . . . Robot Hacks Applied . | . . . . . . . . . . . Relay Couplers Released . | . . . . . . . . . . . Robots Rewired . | . . . . . . . . . . . Allies Hacked . | . . . . . . . . . . . Hacks Repelled . | . . . . . . . . . . . Allies | -11 -10 -10 -10 -9 -8 -8 -8 -8 -7 -7 -------- Run | Scr Mat Min Exi Min Mat Gar Mat Gar Fac Was Total Allies 5 | . 2 . . 3 . . . . . . Largest Group 3 | . 1 . . 3 2 . . . . . Highest-Rated Group 40 | . 10 . . 40 32 . . . . . Highest-Rated Ally 16 | . 10 . . 16 16 . . . . . Total Orders . | . . . . . . . . . . . Ally Attacks 22 | . . . . 14 8 . . . . . Total Damage 170 | . . . . 125 45 . . . . . Kills 7 | . . . . 5 2 . . . . . Allies Corrupted . | . . . . . . . . . . . Allies Melted . | . . . . . . . . . . . Intel | -11 -10 -10 -10 -9 -8 -8 -8 -8 -7 -7 ------- Run | Scr Mat Min Exi Min Mat Gar Mat Gar Fac Was Robot Analysis Total 6 | . 5 . . . . . 1 . . . Derelict Logs Recovered 3 | . . 2 . 1 . . . . . . Drone Launches . | . . . . . . . . . . . Drone Recoveries . | . . . . . . . . . . . Exploration | -11 -10 -10 -10 -9 -8 -8 -8 -8 -7 -7 ------------- Run | Scr Mat Min Exi Min Mat Gar Mat Gar Fac Was Turns Passed 10575 | 22 2046 1050 644 1624 1544 512 2454 506 103 70 Spaces Moved 3917 | 10 733 629 387 703 235 195 694 240 62 29 Core 1 | . . . . . . . 1 . . . Treads 3864 | . 691 629 387 703 235 195 693 240 62 29 Legs 52 | 10 42 . . . . . . . . . Wheels . | . . . . . . . . . . . Hover . | . . . . . . . . . . . Flight . | . . . . . . . . . . . Fastest Speed 120 | 120 120 160 160 160 160 183 180 180 160 160 Average Speed 168 | 120 163 160 165 160 165 183 184 181 160 160 Slowest Speed 1350 | 120 180 160 180 180 183 183 1350 183 160 160 Overloaded Moves . | . . . . . . . . . . . Propulsion Burnouts . | . . . . . . . . . . . Robots Hopped . | . . . . . . . . . . . Cave-ins Triggered . | . . . . . . . . . . . Exploration Rate (%) 48 | 3 94 99 71 100 15 35 53 41 2 18 Regions Visited 10 Branch Regions 3 Pre-discovered Areas 1 | . . . 1 . . . . . . . Known Exits Taken 2 | . . . . . 1 . 1 . . . Unknown Exits Taken 5 | 1 1 1 1 1 . . . . . . Scrap Searched 3 | . . 1 . 2 . . . . . . Spaces Dug 4 | . . . . . . . 4 . . . Terrain Destroyed 141 | . 13 5 . 1 12 20 13 26 . 51 Melee 4 | . . . . . . . 4 . . . Projectile 1 | . . . . 1 . . . . . . AOE 136 | . 13 5 . . 12 20 9 26 . 51 Terrain Rammed . | . . . . . . . . . . . Walls Destroyed . | . . . . . . . . . . . Machines Disabled . | . . . . . . . . . . . Actions | -11 -10 -10 -10 -9 -8 -8 -8 -8 -7 -7 --------- Run | Scr Mat Min Exi Min Mat Gar Mat Gar Fac Was Total 7626 | 13 1545 649 396 1176 1339 335 1798 268 66 41 Wait 3397 | . 758 . . 449 1056 124 1010 . . . Move 3906 | 9 732 628 386 702 234 193 693 238 62 29 Hop . | . . . . . . . . . . . Pick Up 54 | . 14 2 3 2 8 3 19 3 . . Fast Attach 10 | 1 1 . 1 . . . 7 . . . Attach 15 | . . . . 1 6 2 . 4 2 . Detach 1 | . . . . . 1 . . . . . Swap 34 | . 11 2 . 1 4 1 10 2 2 1 Drop 37 | . 9 3 6 1 . . 18 . . . Fire 153 | 3 17 12 . 18 29 7 35 21 . 11 Melee 5 | . . . . . . 1 4 . . . Ram . | . . . . . . . . . . . Kick . | . . . . . . . . . . . Crush 10 | . 3 2 . 2 1 . 2 . . . Escape Stasis 4 | . . . . . . 4 . . . . Rewire . | . . . . . . . . . . . Trap . | . . . . . . . . . . . Miscellaneous . | . . . . . . . . . . . Route ------- -11/Scrapyard -10/Materials (discovered 5 exits: [*Mat x3] / *Min x2) -10/Mines (discovered 3 exits: [*Mat x2] / *Exi) -10/Exiles -9/Mines (discovered 2 exits: *Mat x2) -8/Materials (discovered 2 exits: Sto / Gar) -8/Garrison -8/Materials (discovered 4 exits: *Fac x2 / *Sto / Gar) -8/Garrison -7/Factory -7/Waste History --------- Turn | Location | Event 1 | -11/Scrapyard | Discovered new exit (range 1) 23 | -11/Scrapyard | Entered Materials 274 | -10/Materials | Discovered new exit (range 7) 305 | -10/Materials | Build established: Mutant 425 | -10/Materials | Discovered new exit (range 15) 968 | -10/Materials | Discovered new exit (range 4) 1065 | -10/Materials | Repaired Assault Rifle 1172 | -10/Materials | Discovered new exit (range 8) 1319 | -10/Materials | Discovered new exit (range 4) 2069 | -10/Materials | Entered Mines 2099 | -10/Mines | Received a Rocket Launcher from a helpful Derelict 2129 | -10/Mines | Deemed a non-threat by the Exiles lab entrance 2129 | -10/Mines | Discovered new exit (range 5) 2200 | -10/Mines | Found the Drone Emporium 2204 | -10/Mines | Learned Materials stockpile data 2208 | -10/Mines | Found Prototype Device 2266 | -10/Mines | Discovered new exit (range 4) 2501 | -10/Mines | Learned Materials stockpile data 2531 | -10/Mines | Discovered new exit (range 14) 3119 | -10/Mines | Entered Exiles 3156 | -10/Exiles | Met 8R-AWN 3185 | -10/Exiles | Met EX-HEX 3265 | -10/Exiles | Met EX-DEC 3303 | -10/Exiles | Learned location of Zion (-6) 3504 | -10/Exiles | Met EX-BIN 3526 | -10/Exiles | Aligned with FarCom system 3528 | -10/Exiles | Given EX-Vault access code 3565 | -10/Exiles | Opened EX-Vault 3578 | -10/Exiles | Found Field Lobotomy Kit 3584 | -10/Exiles | Found Gui. Plasma Cannon 3589 | -10/Exiles | Found AWS/Autocannon 3628 | -10/Exiles | Warned to stay clear of 0b10 Research branches 3745 | -10/Exiles | Discovered new exit (range 12) 3763 | -10/Exiles | Stole three prototypes: Gui. Plasma Cannon, Field Lobotomy Kit, AWS/Autocannon 3763 | -10/Exiles | Entered Mines 3764 | -9/Mines | Assembled infested the area 3769 | -9/Mines | Met a Derelict bent on vengeance 3927 | -9/Mines | Assisted by bots powering up and referring to "LRC-V3" 4334 | -9/Mines | Found a hidden stash of uninstalled traps 4388 | -9/Mines | Discovered new exit (range 10) 4459 | -9/Mines | Discovered new exit (range 16) 5387 | -9/Mines | Entered Materials 5387 | -8/Materials | Accompanied by 2 allies 5387 | -8/Materials | Evolved 4 slots: Propulsion x1, Utility x2, Weapon x1 5388 | -8/Materials | Identified exit to Storage 5654 | -8/Materials | Garrison activated, responded to threat 5693 | -8/Materials | Build established: Hauler-Mutant 6929 | -8/Materials | Identified exit to Garrison 6931 | -8/Materials | Entered Garrison 7403 | -8/Garrison | Discovered new exit (range 9) 7434 | -8/Garrison | Installed Relay Interface Framework 7443 | -8/Garrison | Entered Materials 8063 | -8/Materials | Build established: Hauler-Skirmisher 9018 | -8/Materials | Discovered new exit (range 5) 9084 | -8/Materials | Discovered exit to Storage (range 16) 9839 | -8/Materials | Discovered new exit (range 10) 9892 | -8/Materials | Identified exit to Garrison 9897 | -8/Materials | Entered Garrison 9907 | -8/Garrison | Expanded RIF knowledge: Hotswap 10090 | -8/Garrison | Destroyed 12 combat bots 10155 | -8/Garrison | Spotted B-75 Beast 10157 | -8/Garrison | Spotted B-75 Beast 10201 | -8/Garrison | Lost 3 parts (2n1w) 10312 | -8/Garrison | Triggered checkpoint 10387 | -8/Garrison | Discovered new exit (range 9) 10403 | -8/Garrison | Entered Factory 10403 | -7/Factory | Evolved 2 slots: Propulsion x1, Utility x1 10405 | -7/Factory | FarCom data flow suspended 10506 | -7/Factory | Sucked down chute 10506 | -7/Factory | Entered Waste 10514 | -7/Waste | Spotted C-40 Crusher 10519 | -7/Waste | Spotted C-40 Crusher 10523 | -7/Waste | Spotted C-40 Crusher 10543 | -7/Waste | Destroyed C-40 Crusher 10547 | -7/Waste | Spotted C-40 Crusher 10576 | -7/Waste | Crushed by Compactor (1 part destroyed, 1 dropped) 10576 | -7/Waste | Self-destructed Last Messages --------------- 10403_ Receiving FarCom transmissions... 10405_ FARCOM_MSG: Not cool, anonymous tester bot. We've taken inventory and discovered your thievery. Let's see how you like having parts stolen! 10405_ FarCom data flow suspended. 10420_ Connecting with Repair Station... 10420_ Current location identified: Factory 10459_ K-01 Serf collects debris. 10506_ Triggered Chute Trap. 10506_ A hatch slides open and sucks a vortex of air into the floor. LOCATION=UNKNOWN GOAL=ESCAPE 10517_ Enh. Gauss Cannon crushed. 10524_ The unstable cave ceiling collapses. 10525_ Destroyed Dynamic Insulation System. 10543_ C-40 Crusher destroyed. 10547_ Acquired 259 matter. 10554_ The unstable cave ceiling collapses. 10576_ Adv. Beam Cannon crushed. 10576_ Lgt. Armor Plating crushed. Map ----- +----------------------------------------------------+ | ??????????????????????????????????????? | | ??????????????????????????????????????? | | ??????????????????????????????????????? | | ??????????????????????????????????????? | | ??????????????????????????????????????? | | ??????????????????????????????????????? | | ??????????????????????????????????????? | | ??????????????????????????????????????? | | ??????????????????????????????????????? | | ??????????????????????????????????????? | | ??????????????????????????????????????? | | ??????????????????????????????????????? | | ??????????????????????????????????????? | | ??????????????????????????????###?????? | | ??????????????????????????#??? #?????? | | ?????????????###############? #?????? | | ?????????????# # # ###?? | | ?????????????# # ### | | ?????????????# ## # | | ?????????????# | | ?????????????# | | ????????????## CC | | ????????????# CCCC | | ????????????# CCCC | | ????????????# CC ## # ## # | | ????????????# @ #?## ###??## | | ????????????# # ######???? #?????? | | ????????????########????????? #?????? | | ?????????????????????????????? ????? | | ??????????????????????????????? ???? | | ??????????????????????????????? ??? | | ???????????????????????????????? ??? | | ?????????????????????????????????##???? | | ??????????????????????????????????????? | | ??????????????????????????????????????? | | ??????????????????????????????????????? | | ??????????????????????????????????????? | | ??????????????????????????????????????? | | ??????????????????????????????????????? | | ??????????????????????????????????????? | | ??????????????????????????????????????? | | ??????????????????????????????????????? | | ??????????????????????????????????????? | | ??????????????????????????????????????? | | ??????????????????????????????????????? | | ??????????????????????????????????????? | | ??????????????????????????????????????? | | ??????????????????????????????????????? | | ??????????????????????????????????????? | | ??????????????????????????????????????? | +----------------------------------------------------+ Best States ------------- Heat Dissipation 34 Energy Generation 14 Energy Capacity 265 Matter Stores 300 Matter Capacity 300 Sight Range 16 Terrain Scan Density 10 Armor Coverage 150 Resistance: KI 20 Evasion (%) 40 Recoil Reduction 4 Item Schematics ----------------- Cmb. Airjet | -8/Materials | Scanalyzed Imp. Treads | -8/Materials | Scanalyzed Robot Schematics ------------------ None Fabricated ------------ Nothing Alien Tech Used ----------------- None Achievements -------------- None Challenges ------------ None Game ------ Seed ThrusterCentriumPit Manual? 0 Play Time 00:45:21 Cumulative 107.9 hours Start 2020.11.10 @ 20:18:22 End 2020.11.10 @ 21:51:28 Sessions 3 Manual Loads 0 Difficulty Rogue Special Mode Halloween2020/ForbiddenLore Game No. 91 Rogue 91 Adventurer 0 Explorer 0 Win Type - Total 2 Types 2/0/0/0/0/0/0/0/0 Lore% 42 Gallery% 54 Achievement% 41 Wizard Run 0 Options --------- ASCII 1 Keyboard 1 Movement Arrows Keybinds 0 Fullscreen 1 Font 24/Proggy Map View 76x50 Tactical HUD 1 Map Filters NONE Filters NONE Steam 1 RUN: ad4c4f1b-c538-42e9-a485-2287b59ad9bb